 Dungeon Crawl Stone Soup version 0.28-a0-21-gf74fda84f9 (webtiles) character file.

Game seed: 1363423461563996947

9379 robertstho the Protected (level 11, -1/89 HPs)
             Began as a Formicid Fighter on July 26, 2021.
             Was a High Priest of Okawaru.
             Slain by Fannar (9 damage)
             ... on level 10 of the Dungeon.
             The game lasted 00:14:54 (8843 turns).

robertstho the Protected (Formicid Fighter)         Turns: 8843, Time: 00:14:54

Health: -1/89      AC: 18    Str: 24    XL:     11   Next: 73%
Magic:  15/16      EV: 12    Int:  8    God:    Okawaru [*****.]
Gold:   439        SH: 14    Dex: 16    Spells: 10/10 levels left

rFire   + . .      SeeInvis +   a - +2 halberd (venom)
rCold   . . .      Faith    .   c - +0 kite shield
rNeg    . . .      Spirit   .   y - +2 chain mail {Will+}
rPois   .          Reflect  .   (helmet unavailable)
rElec   .          Harm     .   M - +0 cloak
rCorr   .          Rampage  .   q - +0 pair of gloves
Will    ++...                   (no boots)
Stlth   ..........              j - amulet of regeneration
HPRegen 1.24/turn               u - +6 ring of dexterity
MPRegen 0.15/turn               Q - ring of protection from fire

@: heroic
A: permanent stasis, dig shafts and tunnels, antennae 3, four strong arms
a: Dig, Shaft Self, Renounce Religion, Heroism, Finesse


You were on level 10 of the Dungeon.
You worshipped Okawaru.
Okawaru was extremely pleased with you.
You visited 2 branches of the dungeon, and saw 11 of its levels.
You also visited: Sewer.

You collected 683 gold pieces.
You spent 244 gold pieces at shops.

Inventory:

Hand Weapons
 a - a +2 halberd of venom (weapon)
 B - a +2 dire flail of draining
 F - a +4 spear of venom
 N - a +3 great sword
 R - a +1 halberd of protection
Missiles
 r - 8 throwing nets
Armour
 c - a +0 kite shield (worn)
 q - a +0 pair of gloves (worn)
 y - a +2 chain mail of willpower (worn)
 G - a +0 plate armour
 M - a +0 cloak (worn)
Jewellery
 b - a ring of magical power
 j - an amulet of regeneration (around neck)
 u - a +6 ring of dexterity (left hand)
 Q - a ring of protection from fire (right hand)
Wands
 J - a wand of iceblast (11)
 L - a wand of mindburst (1)
 O - a wand of digging (4)
 P - a wand of polymorph (7)
Scrolls
 h - 4 scrolls of identify
 k - 2 scrolls of vulnerability {unknown}
 m - 2 scrolls of fear {unknown}
 n - 3 scrolls of silence {unknown}
 o - a scroll of enchant armour {unknown}
 p - a scroll of summoning
 s - 2 scrolls of brand weapon
 t - 2 scrolls of immolation
 v - 4 scrolls of magic mapping
 w - 3 scrolls of amnesia {unknown}
 E - a scroll of fog
 H - 2 scrolls of enchant weapon
Potions
 d - 5 potions of might
 e - 2 potions of lignification
 f - 2 potions of curing
 g - a potion of heal wounds
 i - 4 potions of mutation {unknown}
 l - a potion of invisibility {unknown}
 x - 5 potions of berserk rage {unknown}
 z - a potion of flight {unknown}
 A - 3 potions of attraction {unknown}
 C - a potion of resistance {unknown}
 D - 2 potions of ambrosia {unknown}
 I - a potion of magic {unknown}
 K - a potion of brilliance {unknown}


   Skills:
 * Level 9.3(14.3) Fighting
 + Level 3.6(11.4) Axes
 + Level 8.2(13.6) Polearms
 * Level 10.2(15.2) Armour
 + Level 2.8(7.8) Dodging
 + Level 1.1(6.1) Stealth
 + Level 8.8(13.8) Shields
 * Level 6.8 Invocations
 + Level 0.8 Evocations


You had 10 spell levels left.
You didn't know any spells.
Your spell library contained the following spells:

 Spells                   Type           Power      Damage    Failure   Level
 Apportation              Tloc           0%         N/A       87%         1
 Summon Small Mammal      Summ           0%         N/A       87%         1
 Sublimation of Blood     Necr           0%         N/A       95%         2
 Wereblood                Tmut           0%         N/A       95%         2
 Call Canine Familiar     Summ           0%         N/A       99%         3
 Lesser Beckoning         Tloc           0%         N/A       99%         3
 Summon Guardian Golem    Hex/Summ       0%         N/A       99%         3
 Alistair's Intoxication  Tmut/Pois      0%         N/A       100%        5
 Manifold Assault         Tloc           0%         N/A       100%        5
 Invisibility             Hex            0%         N/A       100%        6
 Summon Hydra             Summ           0%         N/A       100%        7
 Blink                    Tloc           Unusable   N/A       N/A         2

Dungeon Overview and Level Annotations

Branches:
Dungeon (10/15)            Temple (1/1) D:4            Lair (0/6) D:10
  Sewer (visited)
    Orc: D:9-12

Altars:
Fedhas
Kikubaaqudgha
Okawaru
Sif Muna
Trog
Wu Jian
The Shining One

Shops:
D:2 :   D:6 :   D:7 *

Annotations:
D:10 Fannar


Innate Abilities, Weirdness & Mutations

You cannot be hasted, slowed, berserked, paralysed or teleported.
You can dig through walls and to a lower floor.
You have a pair of large antennae on your head. (SInv)
Your four strong arms can wield two-handed weapons with a shield.


Message History

You barely miss Fannar.
Fannar is moderately wounded.
You miss Fannar.
Fannar is moderately wounded.
You block Fannar's attack. You block the ice beast's attack.
You puncture Fannar!
Fannar looks as sick as possible!
Fannar is moderately wounded.
Fannar barely misses you.
The ice beast hits you but does no damage.
The ice beast barely misses you.
You feel much better. You block Fannar's attack.
You block the ice beast's attack.
The ice beast hits you but does no damage.
Aiming: Mindburst
Press: ? - help, Shift-Dir - straight line, f - Fannar
Aim: Fannar, wielding a staff of cold and wearing a +2 robe of cold resistance (heavily wounded, extremely poisoned, chance to affect: 19%) Fannar resists with almost no effort.
Fannar gestures at you while chanting. The bolt of cold misses you.
Aiming: Mindburst
Press: ? - help, Shift-Dir - straight line, f/p - Fannar
Aim: Fannar, wielding a staff of cold and wearing a +2 robe of cold resistance (heavily wounded, very poisoned, chance to affect: 19%) Fannar resists with almost no effort.
The ice beast hits you but does no damage.
Fannar hits you but does no damage. Fannar freezes you.
* * * LOW HITPOINT WARNING * * *
That's the wrong kind of item! (Use * to select it.) Evoke which item? (* to show all) (? for menu, Esc to quit)
Aiming: Mindburst
Press: ? - help, Shift-Dir - straight line, f/p - Fannar
Aim: Fannar, wielding a staff of cold and wearing a +2 robe of cold resistance (heavily wounded, very poisoned, chance to affect: 19%) Fannar resists with almost no effort.
You block the ice beast's attack. Fannar hits you but does no damage.
Fannar freezes you!
* * * LOW HITPOINT WARNING * * *
Aiming: Mindburst
Press: ? - help, Shift-Dir - straight line, f/p - Fannar
Aim: Fannar, wielding a staff of cold and wearing a +2 robe of cold resistance (heavily wounded, very poisoned, chance to affect: 19%) Fannar resists with almost no effort.
The ice beast closely misses you. Fannar hits you but does no damage.
Fannar freezes you!
You die...

#..## ##..# ..
#...####...# #..
##........## ###..#
##......####.....#
#..######.....#
#########.## ##...#
#..........#####....#
#...##...........Y..##
.########....##.@eY..#
.# ##########...#
.####### #...#
.......## #...#
........#### #....#
...........##### #....#
..)............####...#
..[.......####..# ####
..))......# ##.#


You could see Fannar (very poisoned) and 2 ice beasts.

Vanquished Creatures
  Harold (D:8)
  Erolcha (D:10)
  2 two-headed ogres (D:10)
  Maurice (D:8)
  A troll (D:5)
  Grinder (D:3)
  A hornet (D:8)
  9 yaks
  Sigmund (D:2)
  A wraith (D:10)
  A steam dragon (D:7)
  Edmund (D:6)
  An acid dragon (D:10)
  A water moccasin (D:8)
  Purgy (Sewer)
  A sky beast (D:7)
  2 black bears (D:5)
  3 orc warriors
  5 ogres
  3 centaurs
  3 bullfrogs
  A gnoll sergeant (D:10)
  A scorpion (D:5)
  A water moccasin skeleton (D:4)
  4 wights (D:8)
  13 killer bees
  A howler monkey (D:5)
  2 bullfrog zombies
  A gnoll shaman (D:9)
  3 jellies
  4 orc priests
  4 hounds
  A bullfrog skeleton (D:6)
  4 centaur skeletons
  An iguana (D:4)
  Natasha (thrice) (D:2)
  4 orc wizards
  Terence (D:3)
  2 killer bee zombies
  2 hound skeletons
  A howler monkey zombie (D:10)
  Robin (D:2)
  16 gnolls
  8 adders
  2 river rats (D:4)
  A shadow imp (D:7)
  A white imp (D:7)
  An ufetubus (D:7)
  20 orcs
  8 ball pythons
  7 bats
  7 endoplasms
  8 giant cockroaches
  19 goblins
  11 hobgoblins
  10 kobolds
  3 quokkas
  A frilled lizard (D:3)
  A jackal skeleton (D:4)
  6 rats
226 creatures vanquished.

Notes
Turn   | Place    | Note
-------+----------+-------------------------------------------
     0 | D:1      | robertstho the Formicid Fighter began the quest for the
                  | Orb.
     0 | D:1      | Reached XP level 1. HP: 18/18 MP: 1/1
   243 | D:1      | Reached XP level 2. HP: 10/24 MP: 2/2
   438 | D:1      | Noticed a floating eye
   469 | D:1      | Noticed an eye of devastation
   471 | D:1      | Found a faded altar of an unknown god.
   473 | D:1      | Noticed a golden eye
   473 | D:1      | Noticed a floating eye
   757 | D:1      | Reached XP level 3. HP: 30/30 MP: 3/3
  1260 | D:2      | Reached XP level 4. HP: 37/37 MP: 4/4
  1277 | D:2      | Noticed Robin
  1289 | D:2      | Killed Robin
  1407 | D:2      | Noticed Natasha
  1408 | D:2      | Found Guosaghogg's Book Boutique.
  1425 | D:2      | Killed Natasha
  1432 | D:2      | Reached XP level 5. HP: 42/42 MP: 5/5
  1462 | D:2      | Noticed Sigmund
  1473 | D:2      | Killed Sigmund
  1474 | D:2      | Reached skill level 4 in Armour
  1474 | D:2      | Reached XP level 6. HP: 30/50 MP: 6/6
  1675 | D:2      | Noticed Natasha
  1684 | D:2      | Killed Natasha
  1828 | D:2      | Noticed Natasha
  1834 | D:2      | Killed Natasha
  1835 | D:2      | Reached skill level 1 in Polearms
  2169 | D:3      | Noticed Terence
  2178 | D:3      | Killed Terence
  2179 | D:3      | Reached skill level 5 in Fighting
  2312 | D:3      | Noticed Grinder
  2334 | D:3      | Killed Grinder
  2335 | D:3      | Reached skill level 5 in Armour
  2335 | D:3      | Reached XP level 7. HP: 36/56 MP: 7/7
  2868 | D:4      | Found a glowing drain.
  2928 | D:4      | Reached skill level 5 in Shields
  2936 | Sewer    | Entered a sewer
  2992 | Sewer    | Noticed Purgy
  3008 | Sewer    | Killed Purgy
  3009 | Sewer    | Reached skill level 1 in Dodging
  3009 | Sewer    | Reached XP level 8. HP: 64/64 MP: 8/8
  3273 | D:4      | Found a staircase to the Ecumenical Temple.
  3302 | Temple   | Entered the Ecumenical Temple
  3309 | Temple   | Became a worshipper of Warmaster Okawaru
  3699 | D:5      | Entered Level 5 of the Dungeon
  3746 | D:5      | Noticed a yak
  3746 | D:5      | Noticed a yak
  3746 | D:5      | Noticed a yak
  3747 | D:5      | Noticed a yak
  3762 | D:5      | Killed a yak
  3763 | D:5      | Reached skill level 6 in Armour
  3763 | D:5      | Reached skill level 1 in Invocations
  3787 | D:4      | Killed a yak
  3853 | D:5      | Reached * piety under Okawaru
  3854 | D:5      | Reached XP level 9. HP: 62/71 MP: 10/10
  3893 | D:5      | Reached skill level 7 in Armour
  4010 | D:5      | Reached skill level 5 in Polearms
  4021 | D:5      | Reached ** piety under Okawaru
  4114 | D:5      | Noticed a troll
  4127 | D:5      | Killed a troll
  4193 | D:5      | Identified the +1 leather armour of Ikiol {Int+3}
  4724 | D:6      | Found Puogism's Self-Improvement Boutique.
  4850 | D:6      | Reached XP level 10. HP: 73/79 MP: 13/13
  4856 | D:6      | Noticed Edmund
  4881 | D:6      | Killed Edmund
  4882 | D:6      | Reached skill level 8 in Armour
  5179 | D:7      | You fall into a shaft and drop 3 floors!
  5179 | D:10     | Entered Level 10 of the Dungeon
  5248 | D:10     | Reached skill level 1 in Stealth
  5414 | D:9      | Reached *** piety under Okawaru
  5972 | D:8      | Reached skill level 5 in Invocations
  5991 | D:8      | Noticed Maurice
  6011 | D:8      | Killed Maurice
  6311 | D:8      | Noticed Harold
  6325 | D:8      | You fall into a shaft and drop 2 floors!
  6339 | D:10     | Reached **** piety under Okawaru
  6347 | D:10     | Found a staircase to the Lair.
  6366 | D:10     | Reached skill level 9 in Armour
  6521 | D:9      | Reached XP level 11. HP: 87/87 MP: 15/15
  6675 | D:8      | Killed Harold
  6984 | D:8      | Found a shimmering blue altar of Sif Muna.
  7249 | D:7      | Found Sovatsuc's General Store.
  7257 | D:7      | Bought a scroll of identify for 26 gold pieces
  7257 | D:7      | Bought a scroll of identify for 26 gold pieces
  7257 | D:7      | Bought a +1 halberd of protection for 153 gold pieces
  7257 | D:7      | Bought a potion of curing for 39 gold pieces
  8203 | D:10     | Noticed Erolcha
  8214 | D:10     | Killed Erolcha
  8214 | D:10     | Reached ***** piety under Okawaru
  8284 | D:10     | Noticed a two-headed ogre
  8303 | D:10     | Killed a two-headed ogre
  8373 | D:10     | Noticed a two-headed ogre
  8378 | D:10     | Killed a two-headed ogre
  8645 | D:10     | Reached skill level 10 in Armour
  8823 | D:10     | Noticed Fannar
  8843 | D:10     | Slain by Fannar

Illustrated notes

Levels and vault maps discovered:
D:1:      dpeg_arrival_court, layout_basic,
          hellmonk_ecumenical_altar_watching_god
D:2:      kennysheep_the_goblin_king, layout_basic, serial_shops, shop,
          uniq_sigmund, uniq_natasha, uniq_robin
D:3:      layout_basic, uniq_grinder, uniq_terence
D:4:      layout_gridville, minmay_temple_entry_antechambers,
          portal_sewer_entry_a
D:5:      layout_gridville, dk_vineyard_1, minmay_starry_boxes
D:6:      layout_basic, nicolae_shop_self_help, uniq_edmund
D:7:      layout_gridville, serial_shops, shop
D:8:      layout_basic, lemuel_blue_sif_altar, uniq_maurice, uniq_harold
D:9:      layout_irregular_city
D:10:     layout_layer_cave, lair_entry_dummy, uniq_fannar, uniq_erolcha
Temple:   nicolae_temple_the_god_donut

Skill      XL: |  1  2  3  4  5  6  7  8  9 10 11 |
---------------+----------------------------------+-----
Fighting       | 4 5 6 7 8 9 |  9.3
Shields        | 4 5 6 7 8 |  8.8
Axes           | 3 |  3.6
Armour         | 4 5 6 7 9 10 | 10.2
Polearms       | 2 3 4 5 7 8 |  8.2
Dodging        | 1 2 |  2.8
Invocations    | 2 4 5 6 |  6.8
Stealth        | 1 |  1.1
Evocations     | |  0.8

Action                   |  1- 3 |  4- 6 |  7- 9 | 10-12 || total
-------------------------+-------+-------+-------+-------++-------
Melee: War axe           |    88 |    29 |       |       ||   117
       Spear             |       |    99 |   307 |    79 ||   485
       Halberd           |       |       |       |   251 ||   251
Invok: Heroism           |       |       |       |     9 ||     9
 Abil: Shaft Self        |       |       |       |     1 ||     1
Evoke: Wand              |       |       |       |    15 ||    15
  Use: Scroll            |     2 |       |     6 |     5 ||    13
       Potion            |       |       |       |     8 ||     8
Armor: Scale mail        |    43 |    36 |    96 |    22 ||   197
       Plate armour      |       |       |       |    41 ||    41
       Chain mail        |       |       |       |    32 ||    32
Dodge: Dodged            |    28 |    34 |   111 |    88 ||   261
Block: Kite shield       |    46 |    52 |   133 |   223 ||   454

Table legend: (Time is in decaauts)
 A = Elapsed time spent in this place.
 B = Non-inter-level travel time spent in this place.
 C = Inter-level travel time spent in this place.
 D = Time resting spent in this place.
 E = Time spent auto-exploring this place.
 F = Levels seen in this place.
 G = Mean time per level.
                   A        B        C        D        E       F      G
               +--------+--------+--------+--------+--------+-----+--------+
         Total |   8926 |   8422 |    504 |    282 |   6330 |  12 |  743.8 |
       Dungeon |   8742 |   8244 |    498 |    282 |   6215 |  10 |  874.2 |
        Temple |     13 |      7 |      6 |      0 |      3 |   1 |   13.0 |
         Sewer |    170 |    170 |      0 |      0 |    112 |   1 |  170.0 |
               +--------+--------+--------+--------+--------+-----+--------+

Top non-repeatable levels by time:
    D:10: 1172 daAuts
     D:1: 1021 daAuts
     D:8: 995 daAuts
     D:2: 968 daAuts
     D:3: 895 daAuts
     D:5: 881 daAuts
     D:4: 770 daAuts
     D:7: 756 daAuts
     D:9: 735 daAuts
     D:6: 546 daAuts
   Sewer: 170 daAuts
  Temple: 13 daAuts
